 Dungeon Crawl Stone Soup version 0.15-a0-462-gf669498 (webtiles) character file.

159 PolkaDot the Vexing (level 3, 0/21 (24) HPs)
             Began as a Vampire Enchanter on May 7, 2014.
             Slain by a gnoll
             ... wielding a +0,+0 whip
              (9 damage)
             ... on Level 3 of the Dungeon.
             The game lasted 00:04:38 (1126 turns).

PolkaDot the Vexing (Vampire Enchanter)             Turns: 1126, Time: 00:04:38

HP   0/21 (24)   AC  4     Str  8      XL: 3   Next: 91%
MP   2/6         EV 12     Int 16 (17) God:
Gold 95          SH  0     Dex 14      Spells:  2 memorised,  3 levels left

rFire  . . .     SeeInvis +     a - +1 dagger
rCold  . . .     Clarity  .     b - +1 robe
rNeg   + . .     Conserve .     (no shield)
rPois  .         rCorr    .     (no helmet)
rElec  .         rRot     .     (no cloak)
SustAb . .       Spirit   .     k - +0 pair of gloves
rMut   .         Warding  .     (no boots)
Saprov . . .     Stasis   .     (no amulet)
MR     .....                    (no ring)
                                j - ring of regeneration

@: very slightly contaminated, not resistant to hostile enchantments, fairly
stealthy
A: fangs 3, talons 1, see invisible, unbreathing
a: Bat Form


You were on level 3 of the Dungeon.
You were not thirsty.

You visited 1 branch of the dungeon, and saw 3 of its levels.

You collected 95 gold pieces.

Inventory:

Hand weapons
 a - a +1,+1 dagger (weapon)
Missiles
 d - 12 darts (quivered)
Armour
 b - a +1 robe (worn)
 k - a +0 pair of gloves (worn)
Scrolls
 g - a scroll of immolation {unknown}
 h - a scroll of magic mapping {unknown}
 i - a scroll of identify {unknown}
 l - a scroll of remove curse {unknown}
 m - a scroll of teleportation {unknown}
Jewellery
 j - a ring of regeneration (left hand)
Books
 c - a book of Maledictions

   Spells                             Type                      Level
   *Corona                            Hexes                        1
   Sure Blade                         Hexes/Charms                 2
   *Ensorcelled Hibernation           Hexes/Ice                    2
   Confuse                            Hexes                        3
   Dazzling Spray                     Conjuration/Hexes            3
   Enslavement                        Hexes                        4


   Skills:
 + Level 2.0 Short Blades
 - Level 0.7 Throwing
 - Level 2.1 Dodging
 + Level 4.2 Stealth
 - Level 2.0 Spellcasting
 * Level 6.0 Hexes


You had 3 spell levels left.
You knew the following spells:

 Your Spells              Type           Power        Failure   Level  Hunger
a - Corona                Hex            ###....      1%          1    #......
d - Ensorcelled Hibernat  Hex/Ice        ##....       10%         2    ###....


Dungeon Overview and Level Annotations

Branches:
Dungeon (3/15)

Altars:


Innate Abilities, Weirdness & Mutations

You have razor-sharp teeth.*
You have supernaturally acute eyesight.
You can survive without breathing.*
You have sharp toenails.*


Message History

Casting: Ensorcelled Hibernation
Confirm with . or Enter, or press ? or * to list all spells.
Aiming: Ensorcelled Hibernation
Press: ? - help, Shift-Dir - straight line, f - gnoll
Aim: a gnoll, wielding a whip You miscast Ensorcelled Hibernation.
You are very lightly contaminated with residual magic.
Nothing appears to happen.
The gnoll hits you with a whip.
Casting: Ensorcelled Hibernation
Confirm with . or Enter, or press ? or * to list all spells.
Aiming: Ensorcelled Hibernation
Press: ? - help, Shift-Dir - straight line, f/p - gnoll
Aim: a gnoll, wielding a whip The gnoll resists with significant effort.
* * * LOW MAGIC WARNING * * *
The gnoll hits you from afar with a spear.
The gnoll closely misses you.
The gnoll hits you from afar with a spear.
The gnoll hits you with a whip!
You die...

. ... #...
#.. ##.. ##
#... ..
#..# #
#.#..##.#
#....@..#
####g####.#
#.g.....#
#..####.#
#.!# #...
.... .....
...g...


You could see 2 gnolls.

Vanquished Creatures
  2 gnolls
  2 adders (D:2)
  A worm (D:2)
  A giant gecko (D:2)
  An ooze (D:1)
  A bat (D:1)
  2 hobgoblins
  A quokka (D:2)
  3 giant cockroaches
  2 giant newts
  2 goblins
  4 kobolds
  A rat (D:1)
23 creatures vanquished.

Notes
Turn   | Place    | Note
--------------------------------------------------------------
     0 | D:1      | PolkaDot, the Vampire Enchanter, began the quest for the Orb.
     0 | D:1      | Reached XP level 1. HP: 13/13 MP: 3/3
   364 | D:1      | Reached XP level 2. HP: 19/19 MP: 4/4
   444 | D:1      | Learned a level 2 spell: Ensorcelled Hibernation
   445 | D:1      | Gained mutation: You have sharp toenails. [potion of mutation]
   494 | D:1      | Reached skill level 5 in Hexes
   604 | D:2      | Reached XP level 3. HP: 21/21 MP: 6/6
  1066 | D:2      | Reached skill level 6 in Hexes
  1126 | D:3      | Slain by a gnoll

Action                   || total
-------------------------++-------
Melee: Dagger            ||    59
 Cast: Corona            ||     1
       Ensorcelled Hiber ||    10
  Use: Potion            ||     5
 Stab: Sleeping          ||    11
